 Dungeon Crawl Stone Soup version 0.22.1-6-g1668fe2 (webtiles) character file.

1876 dvd the Chopper (level 9, -7/46 HPs)
             Began as a Vine Stalker Fighter on Jan 16, 2019.
             Was a Believer of Makhleb.
             Killed by divine providence
             ... invoked by an orc priest
              (14 damage)
             ... on level 6 of the Dungeon.
             The game lasted 00:12:58 (4010 turns).

dvd the Chopper (Vine Stalker Fighter)              Turns: 4010, Time: 00:13:00

Health: -7/46      AC: 12    Str: 21    XL:     9   Next: 14%
Magic:  0/10       EV:  4    Int:  8    God:    Makhleb [**....]
Gold:   377        SH: 15    Dex: 15    Spells: 8/8 levels left

rFire    . . .     SeeInvis +   a - +0 war axe
rCold    . . .     Gourm    .   v - +0 large shield
rNeg     . . .     Faith    .   g - +0 chain mail
rPois    .         Spirit   +   A - +0 helmet
rElec    .         Reflect  .   (no cloak)
rCorr    .         Harm     .   t - +0 pair of gloves
MR       +....                  (no boots)
Stlth    ..........             (no amulet)
HPRegen  0.55/turn              i - -3 ring of slaying (curse)
MPRegen  0.12/turn              e - ring of see invisible

@: no status effects
A: fangs 3, regeneration 1, magic shield, antimagic bite, no potion heal 3, rot
immunity
a: Minor Destruction, Renounce Religion


You were on level 6 of the Dungeon.
You worshipped Makhleb.
Makhleb was pleased with you.
You were not hungry.

You visited 2 branches of the dungeon, and saw 7 of its levels.

You collected 377 gold pieces.

Inventory:

Hand Weapons
 a - a +0 war axe (weapon)
 r - a +2 spear of venom
 u - a +0 whip of venom
 y - a +2 long sword of draining
 C - a +2 flail of holy wrath
 D - a +2 spear of piercing
Armour
 b - a +0 scale mail
 c - a +0 shield
 g - a +0 chain mail (worn)
 t - a +0 pair of gloves (worn)
 v - a +0 large shield (worn)
 w - a +0 ring mail
 A - a +0 helmet (worn)
Jewellery
 e - a ring of see invisible (right hand)
 h - a +3 ring of dexterity
 i - a cursed -3 ring of slaying (left hand)
 n - an uncursed ring of protection from cold
 z - an uncursed ring of ice
Scrolls
 k - 4 scrolls of identify
Potions
 d - 4 potions of might
 j - 2 potions of ambrosia
 l - a potion of resistance {unknown}
 m - a potion of magic {unknown}
 o - a potion of curing {unknown}
 p - 2 potions of agility {unknown}
 q - a potion of lignification {unknown}
 s - 2 potions of brilliance {unknown}
 B - a potion of heal wounds {unknown}
Comestibles
 f - 15 rations
 x - 3 chunks of flesh


   Skills:
 + Level 4.6 Fighting
 + Level 7.2 Axes
 + Level 4.4 Armour
 + Level 1.4 Dodging
 + Level 5.9 Shields
 + Level 0.6 Invocations


You had 8 spell levels left.
You didn't know any spells.
Your spell library contained the following spells:

 Spells                   Type           Power        Failure   Level  Hunger
 Beastly Appendage        Tmut           #.....       100%        1    ##.....
 Magic Dart               Conj           #...         100%        1    ##.....
 Blink                    Tloc           N/A          100%        2    ###....
 Call Imp                 Summ           #.......     100%        2    ###....
 Slow                     Hex            #.......     100%        2    ###....
 Sticks to Snakes         Tmut           #.......     100%        2    ###....
 Conjure Flame            Conj/Fire      #.......     100%        3    ####...
 Mephitic Cloud           Conj/Pois/Air  #.......     100%        3    ####...
 Spider Form              Tmut/Pois      #.........   100%        3    ####...
 Ice Form                 Ice/Tmut       #.......     100%        4    #####..
 Blade Hands              Tmut           #.........   100%        5    ######.


Dungeon Overview and Level Annotations

Branches:
Dungeon (6/15)             Temple (1/1) D:5

Altars:
Elyvilon
Gozag
Makhleb
Vehumet
Yredelemnul
Zin

Shops:
D:6 *


Innate Abilities, Weirdness & Mutations

You have razor-sharp teeth.
Your natural rate of healing is unusually fast.
When hurt, damage is shared between your health and your magic reserves.
Your bite disrupts and absorbs the magic of your enemies.
Potions cannot restore your health.
You are immune to rotting.


Message History

The wyvern skeleton completely misses you.
The orc priest looks encouraged for a moment.
The howler monkey hoots and howls with incredible vigour!
You block the wyvern skeleton's attack.
You hear a shout! x2
You hit the orc priest.
You bite the orc priest, but do no damage.
The orc priest is heavily wounded.
You hit the wyvern skeleton but do no damage.
The orc priest hits you with a flail.
* * * LOW HITPOINT WARNING * * *
The wyvern skeleton bites you but does no damage.
Your shield and chain mail prevent you from hitting the orc priest.
Your bite misses the orc priest.
The orc priest is heavily wounded.
You slash the wyvern skeleton!
The wyvern skeleton bites you but does no damage.
The orc priest calls down the wrath of Beogh upon you.
Beogh smites you!
You die...

#.# ## #.# .# #.# .# #.#
.## #.# ..# #(# .
..######.########## ..>
................†o#5h...
...#####........@)......
.#.# ##########Z##!...
##.# .# .. ...# .# ####
.# # (# .# .#


You could see a howler monkey, an orc priest, a crimson imp and a wyvern
skeleton.

Vanquished Creatures
  Sigmund (D:5)
  2 sky beasts (D:5)
  2 phantoms
  An ogre (D:4)
  A centaur (D:6)
  A gnoll sergeant (D:5)
  A scorpion (D:5)
  A howler monkey (D:4)
  A crimson imp (D:5)
  A hound (D:4)
  2 gnoll shamans (D:5)
  2 orc priests
  An iguana (D:4)
  4 orc wizards
  6 worker ants
  A hound zombie (D:5)
  34 gnolls
  9 adders
  A shadow imp (D:5)
  An ooze (D:4)
  An adder skeleton (D:5)
  An adder zombie (D:6)
  A worm (D:2)
  4 dart slugs
  4 leopard geckos
  23 orcs
  3 ball pythons
  5 bats
  3 giant cockroaches
  3 goblins
  2 hobgoblins (D:1)
  22 jackals
  9 kobolds
  7 frilled lizards
  A jackal skeleton (D:5)
  A leopard gecko skeleton (D:5)
  A quokka skeleton (D:4)
  9 rats
173 creatures vanquished.

Notes
Turn   | Place    | Note
-------+----------+-------------------------------------------
     0 | D:1      | dvd the Vine Stalker Fighter began the quest for the Orb.
     0 | D:1      | Reached XP level 1. HP: 11/11 MP: 2/2
    77 | D:1      | Reached XP level 2. HP: 16/16 MP: 3/3
   142 | D:1      | Reached skill level 2 in Axes
   238 | D:1      | Reached XP level 3. HP: 20/20 MP: 4/4
   695 | D:2      | Gained mutation: Your natural rate of healing is unusually
                  | fast. [Vine Stalker growth]
   695 | D:2      | Reached XP level 4. HP: 24/24 MP: 5/5
   807 | D:2      | Found a faded altar of an unknown god.
  1300 | D:3      | Reached XP level 5. HP: 21/28 MP: 3/6
  1301 | D:3      | Reached skill level 3 in Axes
  1815 | D:3      | Found a basalt altar of Yredelemnul.
  1934 | D:4      | Noticed a phantom
  1956 | D:4      | Killed a phantom
  1956 | D:4      | Reached XP level 6. HP: 32/32 MP: 7/7
  2104 | D:4      | Reached skill level 4 in Axes
  2320 | D:4      | Reached XP level 7. HP: 20/36 MP: 5/8
  2413 | D:4      | Reached skill level 5 in Axes
  2427 | D:4      | Found an opulent altar of Gozag.
  2589 | D:5      | Entered Level 5 of the Dungeon
  2590 | D:5      | Found a staircase to the Ecumenical Temple.
  2745 | Temple   | Entered the Ecumenical Temple
  2762 | Temple   | Became a worshipper of Makhleb the Destroyer
  2843 | D:5      | Gained mutation: You have razor-sharp teeth. [Vine Stalker
                  | growth]
  2843 | D:5      | Reached XP level 8. HP: 37/42 MP: 9/9
  2863 | D:5      | Reached skill level 6 in Axes
  2959 | D:5      | Reached * piety under Makhleb
  2966 | D:5      | Reached skill level 5 in Shields
  3149 | D:5      | Noticed Sigmund
  3189 | D:5      | Reached skill level 1 in Dodging
  3201 | D:5      | Killed Sigmund
  3339 | D:5      | Reached ** piety under Makhleb
  3578 | D:5      | Found a radiant altar of Vehumet.
  3690 | D:5      | Reached XP level 9. HP: 46/46 MP: 10/10
  3748 | D:5      | Reached skill level 7 in Axes
  3975 | D:6      | Found Zin's Purification Station.
  3978 | D:6      | Found a glowing silver altar of Zin.
  4006 | D:6      | HP: 1/46 [orc priest/divine providence (6)]
  4010 | D:6      | Killed from afar by an orc priest

Skill      XL: |  1  2  3  4  5  6  7  8  9 |
---------------+----------------------------+-----
Shields        | 3 4 5 |  5.9
Axes           | 2 3 4 5 6 7 |  7.2
Fighting       | 3 4 |  4.6
Armour         | 3 4 |  4.4
Dodging        | 1 |  1.4
Invocations    | |  0.6

Action                   |  1- 3 |  4- 6 |  7- 9 || total
-------------------------+-------+-------+-------++-------
Melee: War axe           |    58 |   134 |   318 ||   510
       Bite              |    16 |    37 |    98 ||   151
       Whip              |       |     6 |       ||     6
Invok: Minor Destruction |       |       |    10 ||    10
  Use: Scroll            |       |     2 |     2 ||     4
  Eat: Chunk             |       |     5 |     6 ||    11
Armor: Scale mail        |    20 |     7 |       ||    27
       Chain mail        |       |    44 |   156 ||   200
Dodge: Dodged            |    14 |    15 |    47 ||    76
Block: Shield            |    34 |    30 |       ||    64
       Large shield      |       |    53 |   322 ||   375
